NCAA
ALABAMA CRIMSON TIDE @ OKLAHOMA SOONERS
05/21/2024
 
TOP OF THE 1ST
Alabama Crimson Tide batting - Pitching for Oklahoma Sooners : RHP Dennis Donovan
Pitching: RHP Dennis Donovan
Batting: SHB Jorge Dávila 0-0: Ball
1-0: Fly out, F7 (Flyball, 7M)
Batting: RHB Eddie Howell 0-0: Ball
1-0: Fly out, F8 (Line Drive, 8LXD)
Batting: LHB Davey Davis 0-0: Called Strike
0-1: Swinging Strike
0-2: Foul Ball, location: 2F
0-2: SOLO HOME RUN (Flyball, 9D), Distance : 353 ft
Batting: RHB Rob Mapp 0-0: Called Strike
0-1: Called Strike
0-2: Foul Ball, location: 2F
0-2: Ball
1-2: Ball
2-2: Ground out 1-3 (Groundball, 23)
Top of the 1st over - 1 run(s), 1 hit(s), 0 error(s), 0 left on base; Alabama 1 - Oklahoma 0
BOTTOM OF THE 1ST
Oklahoma Sooners batting - Pitching for Alabama Crimson Tide : LHP Travis Thompson
Pitching: LHP Travis Thompson
Batting: SHB Donald Reed 0-0: Ball
1-0: Swinging Strike
1-1: Ball
2-1: Swinging Strike
2-2: Ball
3-2: Strikes out swinging
Batting: RHB Ben Fisher 0-0: Called Strike
0-1: Ball
1-1: Swinging Strike
1-2: Foul Ball, location: 2F
1-2: Strikes out looking
Batting: RHB Adam Reeves 0-0: Called Strike
0-1: Foul Ball, location: 2F
0-2: Ball
1-2: Foul Ball, location: 2F
1-2: Fly out, F8 (Flyball, 8LM)
Bottom of the 1st over - 0 run(s), 0 hit(s), 0 error(s), 0 left on base; Alabama 1 - Oklahoma 0
TOP OF THE 2ND
Alabama Crimson Tide batting - Pitching for Oklahoma Sooners : RHP Dennis Donovan
Batting: LHB Alex Cash 0-0: SINGLE (Line Drive, 4MD)
Batting: LHB Wally Brandt 0-0: Called Strike
0-1: Ball
1-1: Foul Ball, location: 2F
1-2: Foul Ball, location: 2F
1-2: Ball
2-2: Strikes out swinging
Batting: RHB Stephen Nava 0-0: Ball
1-0: Foul Ball, location: 2F
1-1: Foul Ball, location: 2F
1-2: Ball
2-2: SINGLE (Flyball, 8LM)
Alex Cash to second
Batting: RHB Andrew O'Dell 0-0: Called Strike
0-1: Ball
1-1: Called Strike
1-2: Ball
2-2: Foul Ball, location: 2F
2-2: Ball
3-2: Base on Balls
Alex Cash to third
Stephen Nava to second
Batting: LHB Fred Abrams 0-0: Called Strike
0-1: Called Strike
0-2: Fly out, F7 (Popup, 7S)
Batting: SHB Jorge Dávila 0-0: Ball
1-0: Ball
2-0: Ball
3-0: Called Strike
3-1: SINGLE (Groundball, 56)
Alex Cash scores
Stephen Nava to third
Andrew O'Dell to second
Runner from 3rd tries for Home, SAFE, no throw or cutoff
Batting: RHB Eddie Howell 0-0: Ball
1-0: Swinging Strike
1-1: Ball
2-1: Foul Ball, location: 2F
2-2: Strikes out swinging
Top of the 2nd over - 2 run(s), 3 hit(s), 0 error(s), 2 left on base; Alabama 3 - Oklahoma 0
BOTTOM OF THE 2ND
Oklahoma Sooners batting - Pitching for Alabama Crimson Tide : LHP Travis Thompson
Batting: SHB César Álvarez 0-0: Called Strike
0-1: Ball
1-1: Ball
2-1: Ball
3-1: Base on Balls
Batting: LHB Keith Green 0-0: Ball
1-0: Fly out, F8 (Flyball, 8LM)
Batting: RHB Dan Mitchell 0-0: Ball
1-0: Swinging Strike
1-1: Swinging Strike
1-2: Foul Ball, location: 2F
1-2: Ball
2-2: Strikes out swinging
Batting: RHB Luis García 0-0: Ball
1-0: Ball
2-0: Ball
3-0: Base on Balls
César Álvarez to second
Batting: RHB Steven Wright 0-0: SINGLE (Groundball, 5L)
César Álvarez to third
Luis García to second
Runner from 3rd tries for Home, SAFE, throw made home
Luis García to third
Steven Wright to second
Batting: RHB Dennis Donovan 0-0: Ball
1-0: Fly out, F8 (Flyball, 89M)
Bottom of the 2nd over - 1 run(s), 1 hit(s), 0 error(s), 2 left on base; Alabama 3 - Oklahoma 1
TOP OF THE 3RD
Alabama Crimson Tide batting - Pitching for Oklahoma Sooners : RHP Dennis Donovan
Batting: LHB Davey Davis 0-0: Called Strike
0-1: Called Strike
0-2: Strikes out swinging
Batting: RHB Rob Mapp 0-0: SINGLE (Line Drive, 4MD)
Batting: LHB Alex Cash 0-0: DOUBLE (Line Drive, 9LS)
Rob Mapp to third
Batting: LHB Wally Brandt 0-0: Called Strike
0-1: Fly out, F3 (Popup, 13)
Batting: RHB Stephen Nava 0-0: Called Strike
0-1: Ball
1-1: Ball
2-1: Fly out, F2 (Popup, 2RF)
Top of the 3rd over - 0 run(s), 2 hit(s), 0 error(s), 2 left on base; Alabama 3 - Oklahoma 1
BOTTOM OF THE 3RD
Oklahoma Sooners batting - Pitching for Alabama Crimson Tide : LHP Travis Thompson
Batting: SHB Donald Reed 0-0: Ball
1-0: Foul Ball, location: 2F
1-1: Foul Ball, location: 2F
1-2: Ball
2-2: Ball
3-2: Foul Ball, location: 2F
3-2: Ground out 5-3 (Groundball, 5S)
Batting: RHB Ben Fisher 0-0: Ball
1-0: Foul Ball, location: 2F
1-1: Swinging Strike
1-2: Strikes out swinging
Batting: RHB Adam Reeves 0-0: Ball
1-0: Fly out, F8 (Line Drive, 8RM)
Bottom of the 3rd over - 0 run(s), 0 hit(s), 0 error(s), 0 left on base; Alabama 3 - Oklahoma 1
TOP OF THE 4TH
Alabama Crimson Tide batting - Pitching for Oklahoma Sooners : RHP Dennis Donovan
Batting: RHB Andrew O'Dell 0-0: Called Strike
0-1: Fly out, F7 (Flyball, 78XD)
Batting: LHB Fred Abrams 0-0: Ball
1-0: Ball
2-0: Ball
3-0: Swinging Strike
3-1: Base on Balls
Batting: SHB Jorge Dávila 0-0: Ball
1-0: Ball
2-0: Ball
3-0: Called Strike
3-1: Base on Balls
Fred Abrams to second
Batting: RHB Eddie Howell 0-0: Called Strike
Fred Abrams steals 3rd base
Jorge Dávila to second
0-1: Foul Ball, location: 2F
0-2: Strikes out swinging
Batting: LHB Davey Davis 0-0: Ball
1-0: Fly out, F8 (Flyball, 8RS)
Top of the 4th over - 0 run(s), 0 hit(s), 0 error(s), 2 left on base; Alabama 3 - Oklahoma 1
BOTTOM OF THE 4TH
Oklahoma Sooners batting - Pitching for Alabama Crimson Tide : LHP Travis Thompson
Batting: SHB César Álvarez 0-0: Called Strike
0-1: Swinging Strike
0-2: Ground out 1-3 (Groundball, 13S)
Batting: LHB Keith Green 0-0: Ball
1-0: Called Strike
1-1: Swinging Strike
1-2: Ball
2-2: Fly out, F8 (Flyball, 8LM)
Batting: RHB Dan Mitchell 0-0: Fly out, F9 (Flyball, 89M)
Bottom of the 4th over - 0 run(s), 0 hit(s), 0 error(s), 0 left on base; Alabama 3 - Oklahoma 1
TOP OF THE 5TH
Alabama Crimson Tide batting - Pitching for Oklahoma Sooners : RHP Dennis Donovan
Batting: RHB Rob Mapp 0-0: Called Strike
0-1: Fly out, F7 (Line Drive, 78M)
Batting: LHB Alex Cash 0-0: Called Strike
0-1: Foul Ball, location: 2F
0-2: Ball
1-2: Foul Ball, location: 2F
1-2: Strikes out swinging
Batting: LHB Wally Brandt 0-0: Ball
1-0: Ground out 4-3 (Groundball, 34)
Top of the 5th over - 0 run(s), 0 hit(s), 0 error(s), 0 left on base; Alabama 3 - Oklahoma 1
BOTTOM OF THE 5TH
Oklahoma Sooners batting - Pitching for Alabama Crimson Tide : LHP Travis Thompson
Batting: RHB Luis García 0-0: Ball
1-0: Called Strike
1-1: Ball
2-1: Ball
3-1: Ground out 6-3 (Groundball, 6)
Batting: RHB Steven Wright 0-0: Ball
1-0: Ball
2-0: Foul Ball, location: 2F
2-1: Swinging Strike
2-2: Strikes out swinging
Batting: RHB Dennis Donovan 0-0: Called Strike
0-1: Swinging Strike
0-2: Ball
1-2: Ball
2-2: Strikes out looking
Bottom of the 5th over - 0 run(s), 0 hit(s), 0 error(s), 0 left on base; Alabama 3 - Oklahoma 1
TOP OF THE 6TH
Alabama Crimson Tide batting - Pitching for Oklahoma Sooners : RHP Dennis Donovan
Pitching: RHP Bill Harper
Batting: RHB Stephen Nava Single, Error in OF, E9, batter to second base
Batting: RHB Andrew O'Dell 0-0: Intentional Walk
Batting: LHB Fred Abrams 0-0: Called Strike
0-1: Ball
1-1: Ball
2-1: Ball
3-1: Fly out, F7 (Flyball, 78M)
Batting: SHB Jorge Dávila 0-0: Ball
1-0: Called Strike
1-1: Ball
2-1: Ball
3-1: Called Strike
3-2: Foul Ball, location: 2F
3-2: Strikes out swinging
Batting: RHB Eddie Howell 0-0: Ball
1-0: Called Strike
1-1: Ball
2-1: Ball
3-1: SINGLE (Groundball, 56D)
Stephen Nava to third
Andrew O'Dell to second
Runner from 3rd tries for Home, SAFE, no throw or cutoff
Batting: LHB Davey Davis 0-0: Ground out 6-3 (Groundball, 6)
Top of the 6th over - 1 run(s), 2 hit(s), 1 error(s), 2 left on base; Alabama 4 - Oklahoma 1
BOTTOM OF THE 6TH
Oklahoma Sooners batting - Pitching for Alabama Crimson Tide : LHP Travis Thompson
Batting: SHB Donald Reed 0-0: Called Strike
0-1: Foul Ball, location: 2F
0-2: Ball
1-2: Ball
2-2: Ball
3-2: Strikes out swinging
Batting: RHB Ben Fisher 0-0: DOUBLE (Groundball, 5L)
Pitching: RHP Ray Johnston
Batting: RHB Adam Reeves 0-0: Ball
1-0: Foul Ball, location: 2F
1-1: Ball
2-1: Ball
3-1: Foul Ball, location: 2F
3-2: Foul Ball, location: 2F
3-2: Fly out, F8 (Flyball, 8RM)
Batting: SHB César Álvarez 0-0: Called Strike
0-1: Swinging Strike
0-2: Ball
1-2: Ball
2-2: Ball
3-2: Strikes out swinging
Bottom of the 6th over - 0 run(s), 1 hit(s), 0 error(s), 1 left on base; Alabama 4 - Oklahoma 1
TOP OF THE 7TH
Alabama Crimson Tide batting - Pitching for Oklahoma Sooners : RHP Bill Harper
Batting: RHB Rob Mapp 0-0: Foul Ball, location: 2F
0-1: Ball
1-1: Swinging Strike
1-2: Strikes out swinging
Batting: LHB Alex Cash 0-0: Called Strike
0-1: Ball
1-1: Ball
2-1: Foul Ball, location: 2F
2-2: Ball
3-2: Base on Balls
Batting: LHB Wally Brandt 0-0: Ball
1-0: Ball
2-0: Ball
3-0: Called Strike
3-1: Foul Ball, location: 2F
3-2: DOUBLE (Line Drive, 78M)
Alex Cash to third
Pitching: RHP Bill Palmer
Batting: RHB Stephen Nava 0-0: Ball
1-0: Ball
2-0: Called Strike
2-1: Foul Ball, location: 2F
2-2: Ball
3-2: Base on Balls
Batting: RHB Andrew O'Dell 0-0: Foul Ball, location: 2F
0-1: Foul Ball, location: 2F
0-2: Grounds into double play, 6-4-3 (Groundball, 6)
Top of the 7th over - 0 run(s), 1 hit(s), 0 error(s), 2 left on base; Alabama 4 - Oklahoma 1
BOTTOM OF THE 7TH
Oklahoma Sooners batting - Pitching for Alabama Crimson Tide : RHP Ray Johnston
Batting: LHB Keith Green 0-0: Swinging Strike
0-1: Fly out, F7 (Flyball, 7M)
Batting: RHB Dan Mitchell 0-0: Ground out 1-3 (Groundball, 15)
Batting: RHB Luis García 0-0: Swinging Strike
0-1: Ball
1-1: Called Strike
1-2: Ball
2-2: Foul Ball, location: 2F
2-2: Foul Ball, location: 2F
2-2: Ball
3-2: Foul Ball, location: 2F
3-2: Base on Balls
Batting: RHB Steven Wright 0-0: Called Strike
0-1: Swinging Strike
0-2: Ball
1-2: DOUBLE (Groundball, 5L)
Luis García to third
Runner from 3rd tries for Home, SAFE, throw made home
Batting: RHB Dennis Donovan 0-0: Fly out, F8 (Popup, 8RS)
Bottom of the 7th over - 1 run(s), 1 hit(s), 0 error(s), 1 left on base; Alabama 4 - Oklahoma 2
TOP OF THE 8TH
Alabama Crimson Tide batting - Pitching for Oklahoma Sooners : RHP Bill Palmer
Batting: LHB Fred Abrams 0-0: Ball
1-0: Foul Ball, location: 2F
1-1: Ball
2-1: Called Strike
2-2: Strikes out swinging
Batting: SHB Jorge Dávila 0-0: Fly out, F2 (Popup, 2LF)
Batting: RHB Eddie Howell 0-0: Called Strike
0-1: Called Strike
0-2: Foul Ball, location: 2F
0-2: Ball
1-2: Strikes out swinging
Top of the 8th over - 0 run(s), 0 hit(s), 0 error(s), 0 left on base; Alabama 4 - Oklahoma 2
BOTTOM OF THE 8TH
Oklahoma Sooners batting - Pitching for Alabama Crimson Tide : RHP Ray Johnston
Batting: SHB Donald Reed 0-0: Ball
1-0: Foul Ball, location: 2F
1-1: Ball
2-1: SINGLE (Line Drive, 4S)
Pitching: RHP Logan Villiers
Batting: RHB Ben Fisher 0-0: Called Strike
0-1: Ball
1-1: Ball
2-1: Swinging Strike
2-2: Foul Ball, location: 2F
2-2: Ball
3-2: Foul Ball, location: 2F
3-2: Base on Balls
Donald Reed to second
Batting: RHB Adam Reeves 0-0: Ball
1-0: Called Strike
1-1: Foul Ball, location: 2F
1-2: Ball
2-2: Strikes out swinging
Pitching: LHP Earl Holliday
Batting: SHB César Álvarez 0-0: Ground out 3-1 (Groundball, 34)
Donald Reed to third
Ben Fisher to second
Batting: LHB Keith Green 0-0: Ball
1-0: Swinging Strike
1-1: Swinging Strike
1-2: Strikes out looking
Bottom of the 8th over - 0 run(s), 1 hit(s), 0 error(s), 2 left on base; Alabama 4 - Oklahoma 2
TOP OF THE 9TH
Alabama Crimson Tide batting - Pitching for Oklahoma Sooners : RHP Bill Palmer
Batting: LHB Davey Davis 0-0: Foul Ball, location: 2F
0-1: Foul Ball, location: 2F
0-2: Foul Ball, location: 2F
0-2: Strikes out looking
Batting: RHB Rob Mapp 0-0: Ball
1-0: Called Strike
1-1: Swinging Strike
1-2: Strikes out swinging
Batting: LHB Alex Cash 0-0: Ball
1-0: Ground out 3-1 (Groundball, 3L)
Top of the 9th over - 0 run(s), 0 hit(s), 0 error(s), 0 left on base; Alabama 4 - Oklahoma 2
BOTTOM OF THE 9TH
Oklahoma Sooners batting - Pitching for Alabama Crimson Tide : LHP Earl Holliday
Pitching: RHP Jesús Báez
Batting: RHB Dan Mitchell 0-0: Ground out 6-3 (Groundball, 6)
Batting: RHB Luis García 0-0: Ball
1-0: Called Strike
1-1: Ball
2-1: Ground out 6-3 (Groundball, 6)
Batting: RHB Steven Wright 0-0: Ball
1-0: Foul Ball, location: 2F
1-1: Fly out, F6 (Popup, 6D)
Bottom of the 9th over - 0 run(s), 0 hit(s), 0 error(s), 0 left on base; Alabama 4 - Oklahoma 2
This league is powered by Out of the Park Baseball, the baseball management simulation game for PC, Mac and Linux
Saturday, April 9th, 2016 - OOTP Baseball 16.8 Build 38